 Dungeon Crawl Stone Soup version 0.18-a0-1343-g48c8f86 (webtiles) character file.

149 M4edhros the Insei (level 5, -6/41 HPs)
             Began as a Mummy Monk on Feb 17, 2016.
             Killed from afar by Natasha (9 damage)
             ... with a magic dart
             ... on level 3 of the Dungeon.
             The game lasted 00:05:34 (4658 turns).

M4edhros the Insei (Mummy Monk)                     Turns: 4658, Time: 00:05:36

Health: -6/41      AC:  0    Str: 14    XL:     5   Next: 9%
Magic:  5/5        EV: 13    Int: 10    God:
Gold:   147        SH:  0    Dex: 15    Spells: 0 memorised, 4 levels left

rFire  x . .     SeeInvis .       - Unarmed
rCold  + . .     Gourm    .     (no armour)
rNeg   + + +     Faith    .     (no shield)
rPois  ∞         Spirit   .     (no helmet)
rElec  .         Dismiss  .     (no cloak)
rCorr  .         Reflect  .     (no gloves)
SustAt .         Harm     .     (no boots)
MR     .....                    (no amulet)
Stlth  ++........               (no ring)
                                (no ring)

@: not resistant to hostile enchantments, unstealthy
A: no food or potions, fire vulnerability, cold resistance 1, negative energy
resistance 3, torment resistance, unbreathing
a: no special abilities


You were on level 3 of the Dungeon.
You were not hungry.

You visited 1 branch of the dungeon, and saw 3 of its levels.

You collected 147 gold pieces.

Inventory:

Scrolls
 a - 2 scrolls of remove curse {unknown}
 b - a scroll of noise {unknown}
 c - a scroll of enchant weapon {unknown}
 d - a scroll of immolation {unknown}
 e - a scroll of amnesia {unknown}
 f - 4 scrolls of identify {unknown}
 g - 3 scrolls of teleportation {unknown}
Comestibles
 h - a beef jerky


   Skills:
 - Level 3.0 Fighting
 - Level 2.4 Dodging
 + Level 3.3 Stealth
 + Level 4.5 Unarmed Combat


You had 4 spell levels left.
You didn't know any spells.

Dungeon Overview and Level Annotations

Branches:
Dungeon (3/15)

Altars:
Elyvilon
Fedhas
Kikubaaqudgha

Annotations:
D:3 Natasha


Innate Abilities, Weirdness & Mutations

You do not eat or drink.
Your flesh is vulnerable to fire.
You are immune to poison.
Your flesh is cold resistant.
You are immune to negative energy.
You are immune to unholy pain and torment.
You can survive without breathing.


Message History

Natasha is severely wounded.
Natasha stares at you and mumbles some strange words.
The magic dart hits you!
You hit Natasha.
Natasha is severely wounded.
Natasha claws you!
You closely miss Natasha.
Natasha is severely wounded.
The crimson imp blinks!
Natasha claws you!
* * * LOW HITPOINT WARNING * * *
You miss Natasha.
Natasha is severely wounded.
Natasha closely misses you.
You hit Natasha.
Natasha is almost dead.
The crimson imp hits you.
* * * LOW HITPOINT WARNING * * *
Natasha stares at you and mumbles some strange words.
The magic dart hits you!
You die...

#......># #.# #.#####.# #.# #.#
#.# #.# ####.### #.# #########.##
.......# #.# ######..........##
####.#.# #.# #§........[#.....#
#.#.# #.# #5####..##.##...##
#.#.###.# #h# #............
#.......# ##@## #<#######.###
###.##### #.5.# #.# #.# #.# #...#
#.#######.## ##.## #...#
#..........## ##...### ##.##
#######.....# # #......#
###.##.## ##.......
####....#.####....(..# #........
'...............(#......+........
####...##.####..###..####........


You could see Natasha and 2 crimson imps.

Vanquished Creatures
  4 gnolls
  3 adders
  An ooze (D:1)
  7 giant geckos
  An orc (D:3)
  A ball python (D:2)
  6 giant cockroaches
  8 goblins
  7 hobgoblins
  3 jackals (D:1)
  A quokka (D:3)
  7 bats
  3 giant newts
  9 kobolds
  10 rats
71 creatures vanquished.

Notes
Turn   | Place    | Note
--------------------------------------------------------------
     0 | D:1      | M4edhros the Mummy Monk began the quest for the Orb.
     0 | D:1      | Reached XP level 1. HP: 18/18 MP: 1/1
   461 | D:1      | Reached XP level 2. HP: 21/24 MP: 2/2
  1092 | D:1      | Reached XP level 3. HP: 21/29 MP: 3/3
  2222 | D:2      | Reached skill level 4 in Unarmed Combat
  2433 | D:2      | Reached XP level 4. HP: 30/35 MP: 4/4
  4023 | D:3      | Noticed Natasha
  4117 | D:3      | Found a white marble altar of Elyvilon.
  4139 | D:3      | Reached XP level 5. HP: 38/41 MP: 5/5
  4153 | D:3      | Found an ancient bone altar of Kikubaaqudgha.
  4155 | D:3      | Found a blossoming altar of Fedhas.
  4658 | D:3      | Killed from afar by Natasha

Vault maps used:
D:1:      eino_arrival_cavern_c, hangedman_decor_lopped
D:2:      first_bread
D:3:      grunt_temple_overflow_growth_and_decay, tso_oasis_becter,
          lemuel_doored_altar, uniq_jessica, uniq_natasha

Action                   |  1- 3 |  4- 6 || total
-------------------------+-------+-------++-------
Melee: Unarmed           |   163 |   105 ||   268
 Stab: Sleeping          |     7 |     6 ||    13
